Map: Templo óseo EE

Players

vladi - Winner!

  • Race: Zerg Zerg
  • League: Platinum
  • Spawn Location: 3:00

Burali - Winner!

  • Race: Zerg Zerg
  • Spawn Location: 12:00

heyflav - Winner!

  • Race: Protoss Protoss
  • Spawn Location: 1:00

TATORREA

  • Race: Protoss Protoss
  • League: Gold
  • Spawn Location: 7:00

tigro

  • Race: Terran Terran
  • League: Bronze
  • Spawn Location: 7:00

MrFercho

  • Race: Zerg Zerg
  • League: Silver
  • Spawn Location: 6:00

VOD

Have the link to the VOD?

Description

Time

  • Played on: June 30, 2020, 9:04 p.m.
  • Length: 21:32
Show
View Real Time Build Order
Export as new Build Order

vladi Zerg - Winner!

Build Orders: Pool First, Lurkers 

Get SALT Encoding   

  12  0:01  Drone  
  13  0:12  Overlord  
  13  0:18  Drone  
  14  0:35  Drone x3  
  17  0:46  Drone  
  18  0:55  Spawning Pool  
  17  0:57  Drone  
  18  1:07  Drone  
  19  1:23  Hatchery  
  18  1:46  Spine Crawler, Drone x3  
  20  1:50  Extractor  
  20  2:12  Drone x2  
  22  2:34  Queen  
  22  2:36  Drone  
  22  2:37  Drone  
  26  2:39  Overlord  
  26  2:43  Zergling x2  
  27  2:49  Drone  
  28  2:52  Extractor  
  28  2:53  Overlord  
  27  2:59  Queen  
  27  3:03  Overlord  
  27  3:04  Zergling x2  
  30  3:10  Queen  
  32  3:17  Drone x2  
  34  3:20  Metabolic Boost  
  34  3:21  Hatchery  
  34  3:26  Drone  
  34  3:35  Queen  
  36  3:50  Lair  
  36  3:52  Drone x5  
  36  3:53  Drone  
  42  4:09  Drone x4  
  46  4:10  Drone  
  46  4:36  Baneling Nest  
  45  4:39  Spore Crawler  
  45  4:45  Drone x7  
  50  4:46  Drone  
  50  4:49  Extractor  
  50  4:50  Extractor  
  50  4:51  Spore Crawler  
  49  4:57  Infestation Pit  
  48  5:00  Queen  
  48  5:05  Queen  
  48  5:06  Drone x2  
  54  5:08  Zergling x4  
  54  5:09  Zergling x2  
  57  5:18  Overlord x3  
  57  5:31  Overlord  
  57  5:46  Zergling x16  
  57  5:47  Zergling x4  
  57  5:48  Overlord  
  67  5:55  Baneling x5  
  67  5:56  Baneling  
  67  6:00  Pathogen Glands  
  67  6:01  Infestor x2  
  67  6:03  Zergling x2  
  67  6:04  Zergling x2  
  73  6:07  Baneling x3  
  73  6:08  Baneling x3  
  73  6:35  Centrifical Hooks  
  73  6:36  Zergling x2  
  73  6:37  Zergling x28  
  88  6:42  Evolution Chamber  
  88  6:46  Zergling x2  
  88  6:47  Zergling x2  
  89  7:10  Hive  
  89  7:12  Neural Parasite  
  89  7:23  Evolution Chamber  
  89  7:25  Hydralisk Den  
  89  7:29  Drone x2  
  89  7:31  Overlord x4  
  89  7:32  Overlord  
  89  7:33  Zerg Ground Armor Level 1  
  56  8:01  Zergling x16  
  56  8:02  Zergling x16  
  70  8:12  Infestor x3  
  76  8:26  Drone  
  76  8:27  Drone x6  
  79  8:31  Grooved Spines  
  83  8:35  Zergling x2  
  83  8:37  Baneling x6  
  84  9:16  Overlord x3  
  84  9:17  Zergling x2  
  84  9:18  Zergling x20  
  84  9:20  Zerg Melee Weapons Level 1  
  84  9:21  Hatchery  
  94  9:28  Infestor  
  94  9:29  Lurker Den  
  95  9:35  Baneling x3  
  95  9:36  Baneling x5  
  66  10:20  Zergling x20  
  66  10:21  Zergling x10  
  80  10:29  Infestor x2  
  80  10:32  Zergling x2  
  80  10:35  Zerg Ground Armor Level 2  
  85  10:43  Seismic Spines  
  85  10:50  Extractor  
  85  10:51  Extractor  
  85  10:54  Drone x5  
  85  10:55  Drone x4  
  92  11:01  Drone x3  
  87  11:48  Zergling x2  
  87  11:49  Zergling x42  
  109  12:04  Hydralisk x4  
  109  12:05  Hydralisk x3  
  123  12:09  Drone  
  123  12:10  Extractor x2  
  123  12:15  Adrenal Glands  
  122  12:17  Adaptive Talons  
  122  12:26  Hydralisk x3  
  128  12:43  Overseer x2  
  128  12:56  Drone x8  
  128  12:57  Drone  
  137  13:00  Lurker x7  
  137  13:01  Lurker  
  137  13:02  Lurker  
  147  13:06  Lurker  
  147  13:08  Zergling x26  
  147  13:09  Overlord  
  147  13:10  Overlord x4  
  101  14:10  Hydralisk x6  
  101  14:11  Hydralisk x15  
  143  14:42  Zergling x18  
  143  14:43  Zergling x4  
  154  15:07  Hydralisk x9  
  172  15:42  Zergling x2  
  161  15:43  Zergling x24  
  161  15:51  Infestor  
  161  15:52  Infestor  
  165  15:58  Muscular Augments  
  165  15:59  Zerg Missile Weapons Level 1  
  165  16:05  Lurker x3  
  165  16:06  Lurker x4  
  165  16:08  Lurker x2  
  165  16:10  Overlord  
  165  16:11  Overlord  
  174  16:12  Overseer  
  174  16:13  Overseer  
  174  16:30  Hatchery  
  130  17:24  Hydralisk  
  130  17:25  Hydralisk x17  
  130  17:26  Hydralisk x3  
  156  18:46  Zergling x26  
  156  18:47  Zergling x10  
  154  20:05  Hydralisk x7  
  154  20:06  Hydralisk x7  
  154  20:07  Hydralisk  
Show
View Real Time Build Order
Export as new Build Order

Burali Zerg - Winner!

Build Orders: Pool First 

Get SALT Encoding   

  12  0:01  Drone  
  13  0:11  Drone  
  14  0:19  Overlord  
  14  0:45  Drone x2  
  14  0:47  Spawning Pool  
  15  0:51  Drone  
  15  0:53  Extractor  
  15  0:57  Drone  
  16  1:07  Drone  
  18  1:18  Drone  
  18  1:36  Queen  
  20  1:40  Drone x2  
  22  1:55  Overlord  
  22  2:00  Hatchery  
  21  2:21  Drone x2  
  23  2:32  Roach Warren  
  22  2:51  Overlord  
  21  2:56  Extractor  
  20  2:59  Queen  
  22  3:15  Evolution Chamber  
  21  3:20  Drone  
  21  3:21  Roach x4  
  21  3:24  Drone x2  
  32  3:35  Drone  
  33  3:44  Ravager x3  
  33  3:46  Drone x2  
  38  3:57  Queen  
  40  4:04  Drone x2  
  42  4:17  Lair  
  42  4:21  Drone  
  42  4:22  Drone  
  42  4:23  Overlord  
  44  4:40  Extractor, Drone  
  44  4:41  Roach  
  44  4:42  Overlord, Roach  
  48  4:47  Hatchery  
  48  4:51  Drone  
  48  4:52  Drone  
  49  5:05  Roach x5  
  59  5:35  Drone  
  60  5:49  Metabolic Boost  
  60  5:52  Overlord x2  
  60  6:04  Drone  
  61  6:18  Roach x4  
  69  6:21  Roach x2  
  69  6:22  Roach x4  
  81  6:31  Baneling Nest  
  80  6:34  Drone x2  
  82  6:43  Overseer  
  82  6:59  Overlord x2  
  82  7:01  Zerg Ground Armor Level 1  
  82  7:05  Glial Reconstitution  
  82  7:17  Queen  
  84  7:23  Drone  
  84  7:24  Extractor, Drone x3  
  84  7:27  Pneumatized Carapace  
  87  7:31  Zergling x4  
  87  7:32  Zergling x10  
  94  7:42  Ravager x3  
  97  7:52  Zergling x2  
  97  7:53  Overlord x3  
  98  8:21  Centrifical Hooks  
  98  8:23  Zergling x12  
  104  8:30  Infestation Pit  
  104  8:32  Drone x3  
  106  8:43  Baneling x6  
  106  8:44  Baneling x2  
  106  8:55  Drone x2  
  108  8:58  Overlord  
  108  8:59  Overlord x2  
  108  9:22  Evolution Chamber  
  107  9:26  Drone x3  
  107  9:27  Extractor  
  109  9:40  Roach  
  109  9:41  Roach x7  
  109  9:42  Roach  
  109  9:45  Hatchery, Overlord x3  
  126  9:49  Zerg Missile Weapons Level 1  
  119  10:36  Baneling x4  
  119  10:37  Baneling x9  
  119  10:38  Baneling  
  119  10:40  Zerg Ground Armor Level 2  
  119  10:43  Hive  
  119  10:45  Overseer  
  119  10:50  Roach x2  
  119  10:51  Roach x7  
  137  11:06  Ravager x2  
  102  11:52  Ravager x8  
  108  11:56  Drone x5  
  108  11:59  Extractor  
  108  12:00  Drone x3  
  115  12:10  Ravager x4  
  115  12:14  Drone x2  
  115  12:15  Drone  
  122  12:36  Drone x4  
  122  12:37  Drone  
  127  12:50  Drone x3  
  130  12:53  Queen  
  130  12:58  Adrenal Glands  
  132  13:03  Roach x3  
  138  13:15  Zergling x6  
  141  13:20  Ravager x6  
  141  13:21  Ravager x5  
  141  13:24  Drone x3  
  141  13:25  Extractor  
  108  14:49  Zergling x6  
  108  14:50  Zergling x18  
  108  14:51  Zergling x10  
  125  15:12  Extractor  
  121  16:12  Zergling x6  
  121  16:13  Zergling x16  
  121  16:14  Zergling x8  
  136  16:31  Baneling x6  
  136  16:32  Baneling x10  
  136  16:33  Baneling x9  
  136  16:34  Baneling x8  
  136  16:35  Baneling x2  
  136  16:38  Baneling x7  
  136  16:39  Baneling x9  
  136  16:40  Baneling x6  
  121  17:09  Roach  
  121  17:10  Roach x9  
  121  17:11  Roach x5  
  147  17:59  Roach x8  
  147  18:00  Roach x2  
  139  19:00  Zerg Missile Weapons Level 2  
  119  19:43  Hydralisk Den  
  117  20:00  Drone x3  
  120  20:10  Spire  
  119  20:16  Hydralisk x6  
  119  20:17  Hydralisk x9  
  119  20:18  Hydralisk x9  
  167  20:22  Overlord  
Show
View Real Time Build Order
Export as new Build Order

heyflav Protoss - Winner!

Build Orders: Carriers 

Get SALT Encoding   

  12  0:03  Probe  
  13  0:15  Probe  
  14  0:34  Pylon, Probe  
  15  0:52  Probe  
  16  0:57  Gateway  
  16  1:04  Probe  
  16  1:08  Assimilator  
  17  1:13  Pylon  
  17  1:16  Probe  
  18  1:28  Probe  
  19  1:40  Probe  
  20  1:49  Cybernetics Core  
  20  1:52  Assimilator, Probe  
  21  2:03  Zealot  
  21  2:04  Probe  
  24  2:12  Nexus  
  24  2:17  Probe  
  25  2:23  Gateway  
  25  2:27  Warp Gate  
  25  2:29  Probe  
  26  2:41  Probe  
  27  2:53  Probe  
  27  2:58  Shield Battery  
  28  3:02  Pylon  
  28  3:05  Stalker, Probe  
  31  3:18  Forge  
  31  3:19  Stalker  
  34  3:20  Probe  
  34  3:29  Probe  
  35  3:42  Probe  
  36  3:54  Probe  
  37  4:06  Probe  
  37  4:07  Stargate  
  38  4:16  Zealot x2  
  42  4:18  Probe  
  43  4:32  Robotics Facility  
  43  4:35  Pylon  
  43  4:39  Probe  
  43  4:42  Pylon  
  44  4:47  Probe  
  44  4:49  Probe  
  46  4:56  Probe  
  47  5:01  Probe  
  48  5:09  Probe  
  48  5:11  Fleet Beacon  
  48  5:12  Stargate  
  48  5:13  Probe  
  50  5:21  Assimilator, Probe  
  51  5:24  Assimilator  
  51  5:25  Probe  
  52  5:32  Observer  
  52  5:33  Protoss Air Weapons Level 1, Probe  
  54  5:37  Probe  
  55  5:43  Nexus  
  55  5:47  Pylon  
  55  5:53  Observer  
  55  5:54  Stalker x2  
  60  6:17  Probe  
  61  6:27  Carrier  
  61  6:29  Probe  
  68  6:39  Pylon  
  68  6:40  Pylon, Carrier, Probe  
  68  6:41  Probe  
  70  6:53  Probe x2  
  78  6:57  Photon Cannon  
  78  7:02  Probe  
  78  7:05  Probe x2  
  81  7:14  Probe  
  82  7:17  Probe x2  
  82  7:19  Assimilator  
  84  7:25  Assimilator  
  84  7:26  Probe  
  84  7:27  Protoss Air Armor Level 1  
  84  7:29  Probe  
  86  7:34  Tempest  
  86  7:38  Probe  
  86  7:43  Carrier  
  98  7:48  Probe  
  99  7:56  Probe  
  99  8:05  Probe  
  100  8:10  Zealot x2  
  105  8:17  Probe  
  106  8:25  Gateway  
  106  8:26  Gateway  
  106  8:29  Probe  
  107  8:34  Gateway  
  107  8:38  Pylon  
  107  8:39  Pylon  
  108  8:41  Pylon, Probe  
  108  8:42  Pylon  
  108  8:46  Carrier  
  108  8:47  Tempest, Observer  
  109  8:56  Probe  
  121  9:08  Probe  
  122  9:20  Probe  
  123  9:26  Pylon  
  123  9:28  Pylon  
  123  9:29  Photon Cannon  
  123  9:30  Carrier  
  129  9:32  Photon Cannon, Probe  
  129  9:33  Protoss Air Weapons Level 2  
  130  9:47  Stargate  
  130  9:48  Carrier  
  126  10:25  Carrier  
  124  10:30  Carrier  
  136  10:44  Carrier  
  142  11:06  Pylon  
  142  11:08  Pylon  
  138  11:29  Carrier  
  138  11:34  Carrier  
  138  11:48  Tempest  
  141  11:57  Protoss Air Armor Level 2  
  135  12:25  Pylon  
  135  12:27  Pylon  
  135  12:28  Pylon  
  135  12:31  Tempest  
  135  12:33  Tempest  
  145  12:38  Tempest  
  150  13:04  Pylon  
  150  13:05  Pylon, Nexus  
  150  13:09  Pylon  
  150  13:10  Pylon  
  150  13:12  Pylon  
  150  13:14  Tempest  
  150  13:15  Tempest  
  160  13:21  Tempest  
  160  13:24  Photon Cannon  
  160  13:26  Photon Cannon  
  165  13:28  Photon Cannon  
  165  13:31  Photon Cannon  
  165  13:33  Photon Cannon  
  165  13:40  Shield Battery  
  165  13:44  Shield Battery  
  165  13:45  Shield Battery  
  165  13:47  Shield Battery  
  165  13:57  Tempest  
  165  13:59  Carrier  
  176  14:04  Carrier  
  151  14:30  Protoss Air Weapons Level 3  
  151  14:40  Carrier  
  157  15:03  Carrier  
  163  15:08  Carrier  
  169  15:37  Probe  
  170  15:44  Carrier  
  170  15:49  Probe  
  177  16:01  Probe  
  178  16:07  Carrier  
  184  16:12  Carrier  
  184  16:13  Probe  
  191  16:25  Probe  
  192  16:48  Carrier  
  192  17:10  Probe  
  192  17:11  Assimilator, Carrier  
  192  17:15  Assimilator  
  199  17:22  Probe  
  200  17:23  Protoss Air Armor Level 3  
  200  18:15  Nexus  
  197  19:29  Probe  
  198  19:42  Probe, Nexus  
  199  19:47  Assimilator  
  199  19:51  Assimilator  
  199  19:54  Probe  
  200  20:27  Assimilator  
  200  21:09  Assimilator  
Show
View Real Time Build Order
Export as new Build Order

TATORREA Protoss 

Build Orders:  

Get SALT Encoding   

  12  0:01  Probe  
  13  0:13  Probe  
  14  0:23  Pylon  
  14  0:25  Probe  
  15  0:41  Probe  
  16  0:45  Gateway  
  16  1:04  Probe  
  17  1:28  Probe  
  18  1:34  Assimilator  
  18  1:36  Probe  
  19  1:53  Cybernetics Core  
  19  1:56  Nexus  
  19  1:57  Pylon, Probe  
  20  2:04  Assimilator  
  20  2:09  Probe  
  20  2:12  Pylon  
  21  2:18  Zealot  
  21  2:21  Probe  
  23  2:31  Warp Gate  
  23  2:34  Probe  
  24  2:42  Probe  
  24  2:50  Probe  
  26  3:01  Probe  
  26  3:02  Stalker  
  29  3:13  Robotics Facility  
  29  3:16  Gateway  
  29  3:19  Gateway  
  29  3:20  Probe  
  29  3:23  Probe  
  31  3:32  Sentry  
  31  3:33  Probe  
  34  3:35  Probe  
  35  3:52  Probe x2  
  37  4:03  Pylon  
  37  4:04  Immortal, Probe x2  
  43  4:16  Probe x2  
  45  4:23  Assimilator  
  45  4:27  Assimilator  
  45  4:28  Probe x2  
  45  4:29  Stalker x2  
  51  4:40  Probe x2  
  51  4:43  Observer  
  54  4:47  Pylon  
  54  4:51  Pylon  
  54  4:58  Nexus  
  54  5:11  Stalker x2  
  54  5:12  Stalker  
  60  5:15  Probe x2  
  62  5:29  Probe x2  
  62  5:34  Immortal  
  68  5:48  Stalker  
  70  6:10  Probe x2  
  72  6:27  Probe x3  
  75  6:34  Pylon  
  75  6:36  Immortal  
  75  6:37  Pylon  
  79  6:41  Stalker, Pylon  
  79  6:43  Pylon  
  79  6:44  Probe x2  
  79  6:45  Probe  
  79  6:46  Pylon  
  84  6:50  Nexus  
  84  6:52  Pylon  
  84  6:55  Pylon  
  84  6:56  Stalker x2  
  84  6:57  Pylon  
  84  6:59  Probe x3  
  91  7:11  Probe x3  
  94  7:23  Forge  
  94  7:24  Probe x3  
  94  7:26  Forge x2  
  97  7:34  Gateway  
  97  7:36  Gateway, Probe  
  98  7:40  Gateway  
  98  7:45  Probe x2  
  98  7:49  Stalker x3  
  90  7:58  Protoss Ground Weapons Level 1  
  90  7:59  Protoss Ground Armor Level 1, Protoss Shields Level 1  
  90  8:14  Stalker x3  
  90  8:17  Immortal  
  100  8:29  Assimilator  
  100  8:32  Stalker  
  100  8:33  Stalker, Assimilator  
  104  8:36  Assimilator  
  104  8:41  Assimilator  
  104  8:48  Gateway  
  104  8:52  Gateway  
  104  8:54  Gateway  
  104  8:55  Probe x4  
  108  8:56  Gateway  
  108  8:58  Gateway  
  108  9:01  Gateway  
  108  9:03  Gateway  
  108  9:05  Gateway  
  109  9:10  Probe x4  
  109  9:16  Stalker  
  114  9:17  Stalker x3  
  114  9:18  Stalker x2  
  114  9:22  Observer  
  125  9:37  Twilight Council  
  125  9:40  Pylon  
  125  9:42  Probe x2  
  125  9:43  Pylon, Probe x2  
  129  9:46  Pylon  
  129  9:51  Stalker x3  
  129  9:52  Stalker x2, Pylon  
  139  9:56  Pylon  
  139  10:12  Protoss Shields Level 2, Protoss Ground Armor Level 2, Protoss Ground Weapons Level 2  
  139  10:17  Blink  
  139  10:24  Robotics Bay  
  139  10:31  Stalker x2  
  139  10:32  Stalker x4  
  139  10:33  Stalker x3  
  139  10:34  Stalker  
  159  10:56  Probe x2  
  159  10:57  Probe x2  
  163  11:08  Probe  
  164  11:12  Nexus  
  164  11:13  Pylon  
  164  11:14  Pylon  
  164  11:17  Stalker x3  
  164  11:18  Stalker x4, Templar Archives  
  174  11:19  Stalker x2  
  122  11:46  Stalker x4  
  122  11:47  Stalker x4  
  116  11:48  Stalker x4  
  122  12:14  High Templar  
  122  12:15  High Templar x4  
  130  12:16  High Templar x4  
  130  12:17  High Templar x2  
  130  12:20  Stalker x2  
  148  12:24  Archon x2  
  148  12:25  Archon x2  
  148  12:26  Archon  
  148  12:35  Extended Thermal Lance  
  148  12:38  Charge  
  148  12:39  Colossus  
  154  13:10  Protoss Ground Weapons Level 3, Protoss Shields Level 3, Protoss Ground Armor Level 3  
  154  13:16  Gateway  
  154  13:21  Gateway  
  154  13:26  Gateway, Colossus  
  154  13:27  Gateway  
  154  13:29  Gateway  
  154  13:30  Gateway  
  154  13:31  Gateway  
  154  13:32  Gateway  
  154  13:34  Gateway  
  160  13:36  Gateway  
  160  13:37  Stalker x5  
  160  13:38  Gateway  
  124  14:13  Stalker x2  
  124  14:14  Stalker x3  
  124  14:15  Stalker x3  
  124  14:16  Stalker x4, Gravitic Boosters  
  116  14:17  Stalker x3  
  116  14:36  Observer  
  111  14:48  Stalker x2  
  111  14:49  Stalker x4  
  111  14:50  Stalker x5  
  111  14:51  Stalker x3  
  111  14:52  Stalker x2  
  133  14:56  Assimilator  
  123  15:00  Assimilator  
  123  15:03  Stalker x2  
  123  15:04  Stalker x2  
  123  15:05  Stalker x2  
  131  15:17  Stalker x2  
  131  15:18  Stalker x3  
  131  15:19  Stalker  
  83  15:50  Stalker  
  83  15:51  Stalker x4  
  83  15:52  Stalker x4  
  83  15:53  Stalker x3  
  83  15:54  Stalker x4  
  112  16:18  Zealot x2  
  114  16:19  Zealot x5  
  114  16:20  Zealot x2  
  114  16:21  Zealot  
  114  16:22  Zealot x5  
  142  16:33  Zealot x2  
  142  16:34  Zealot x3  
  88  17:02  Observer  
  88  17:06  Zealot x2  
  88  17:07  Zealot x5  
  88  17:08  Zealot x4  
  101  17:09  Zealot  
  101  17:11  Zealot  
  107  17:22  Colossus  
  99  17:33  Zealot x2  
  99  17:34  Zealot x4  
  99  17:35  Zealot x3  
  99  17:37  Zealot  
  119  17:40  Zealot  
  119  17:42  Zealot  
Show
View Real Time Build Order
Export as new Build Order

tigro Terran 

Build Orders:  

Get SALT Encoding   

  12  0:02  SCV  
  13  0:14  SCV  
  14  0:26  SCV  
  15  0:34  Supply Depot  
  15  0:36  Refinery  
  15  0:55  SCV  
  16  1:20  Barracks  
  16  1:36  SCV  
  17  1:44  Refinery  
  17  1:48  SCV  
  18  2:00  SCV  
  19  2:08  Supply Depot  
  19  2:09  Barracks, Marine  
  19  2:13  SCV  
  21  2:25  SCV  
  21  2:27  Marine  
  23  2:44  Marine  
  24  2:59  Factory  
  24  3:02  Marine  
  24  3:04  SCV  
  26  3:12  Barracks Reactor  
  26  3:17  SCV  
  27  3:20  Marine  
  28  3:40  Orbital Command  
  28  3:47  Engineering Bay  
  28  3:50  Barracks Tech Lab  
  28  3:52  Factory Tech Lab  
  28  4:06  Command Center  
  28  4:13  Starport  
  28  4:25  Terran Infantry Weapons Level 1  
  28  4:42  Combat Shield  
  28  4:52  Starport  
  28  5:01  Medivac  
  30  5:11  Marine  
  30  5:12  Marine x2  
  33  5:20  Refinery  
  33  5:24  SCV  
  34  5:29  Marine x2  
  34  5:30  Marine  
  34  5:34  Armory  
  37  5:36  SCV  
  38  5:47  Marine x3  
  38  5:49  SCV  
  42  6:01  SCV  
  43  6:05  Marine x3  
  43  6:09  Siege Tank  
  49  6:13  SCV  
  49  6:18  Starport Tech Lab x2  
  50  6:23  Marine  
  51  6:32  Refinery  
  51  6:35  SCV  
  52  6:41  Siege Tank  
  52  6:45  Fusion Core  
  56  6:47  SCV  
  56  6:59  SCV  
  57  7:11  SCV  
  57  7:13  Siege Tank  
  61  7:23  SCV  
  61  7:28  Terran Infantry Armor Level 1  
  62  7:38  Supply Depot  
  62  8:01  Supply Depot  
  62  8:05  Medivac  
  64  8:13  Marine x3  
  67  8:25  Supply Depot  
  67  8:29  Siege Tank  
  67  8:31  Marine x3  
  73  8:49  Marine x3  
  76  9:07  Command Center, Marine x3  
  79  9:22  Terran Infantry Weapons Level 2  
  79  9:25  Marine  
  80  9:31  Battlecruiser  
  80  9:36  Weapon Refit  
  86  9:58  Stimpack  
  86  10:04  Battlecruiser  
  71  10:20  Marine x3  
  51  10:36  Thor, Battlecruiser  
  51  10:37  Marine  
  51  10:38  Marine x2  
  66  10:55  Marine  
  66  10:56  Marine x2  
  69  11:13  Marine x3  
  69  11:16  Rapid Reignition System, Medivac  
  74  11:31  Marine  
  75  11:38  Neosteel Armor  
  75  11:40  Medivac  
  75  11:51  Marine x3  
  60  12:09  Marine x3  
  60  12:12  Thor  
  69  12:26  Marine  
  69  12:27  Marine x2  
  72  12:43  SCV  
  73  12:44  Marine x2  
  73  12:45  Marine  
  76  12:55  Thor  
  76  12:56  SCV  
  83  13:02  Marine x3  
  86  13:08  SCV  
  87  13:15  Terran Vehicle Weapons Level 1  
  87  13:18  Terran Infantry Armor Level 2  
  87  13:20  Marine x3, SCV  
  91  13:32  SCV  
  92  13:38  Marine x3  
  95  13:44  Missile Turret  
  72  13:55  Marine  
  72  13:56  Marine x2  
  63  14:04  Missile Turret  
  58  14:13  Marine  
  58  14:14  Thor, Marine x2  
  66  14:18  Medivac  
  66  14:19  Medivac  
  69  14:24  Missile Turret  
  67  14:31  Marine x3  
  60  14:49  Marine x3  
  63  14:53  Battlecruiser  
  63  14:54  Battlecruiser  
  63  14:56  Thor  
  78  15:07  Marine  
  78  15:09  Terran Ship Weapons Level 1  
  76  15:34  Terran Infantry Weapons Level 3  
  60  15:54  Marine  
  60  15:55  Marine x2  
  63  15:58  Battlecruiser x2  
  75  16:07  Refinery  
  75  16:12  Marine  
  75  16:13  Marine x2  
  78  16:30  Marine x3  
  78  16:31  Missile Turret  
  81  16:48  Marine x3  
  72  16:58  Missile Turret  
  65  17:06  Marine  
  55  17:26  Missile Turret  
  54  17:40  Refinery, SCV  
  55  17:48  Battlecruiser  
  55  17:49  Battlecruiser, Missile Turret  
  67  17:52  SCV  
  68  18:04  SCV  
  53  18:11  Hi-Sec Auto Tracking  
  53  18:13  Missile Turret  
  53  18:16  SCV  
  54  18:28  SCV  
  54  18:34  Missile Turret, Siege Tank  
  49  18:50  Marine x3  
  49  18:53  Battlecruiser x2  
  45  19:06  Siege Tank  
  45  19:08  Marine x3  
  51  19:26  Marine x3  
Show
View Real Time Build Order
Export as new Build Order

MrFercho Zerg 

Build Orders: Pool First 

Get SALT Encoding   

  12  0:01  Drone  
  13  0:15  Overlord  
  13  0:18  Drone  
  14  0:33  Drone  
  14  0:34  Drone  
  16  0:54  Drone  
  17  1:16  Spawning Pool  
  16  1:18  Hatchery  
  15  1:33  Drone x3  
  18  1:43  Drone  
  19  1:47  Extractor  
  18  1:58  Drone  
  19  2:05  Queen  
  19  2:07  Zergling x2  
  22  2:30  Overlord  
  22  2:31  Overlord  
  22  2:33  Queen  
  22  2:34  Drone  
  25  2:54  Spine Crawler  
  25  2:56  Spine Crawler  
  25  2:58  Drone x2  
  25  2:59  Drone  
  25  3:02  Drone x2  
  28  3:10  Extractor  
  28  3:12  Drone  
  28  3:21  Drone x2  
  28  3:22  Drone x3  
  33  3:27  Drone  
  34  3:38  Drone  
  34  3:39  Drone x2  
  37  3:50  Drone x3  
  40  4:06  Drone x4  
  40  4:08  Overlord  
  44  4:23  Lair  
  44  4:31  Roach Warren  
  43  4:34  Hatchery  
  42  4:38  Extractor  
  42  4:40  Drone x5  
  42  4:41  Extractor  
  45  5:06  Metabolic Boost  
  45  5:09  Evolution Chamber  
  45  5:10  Evolution Chamber  
  43  5:18  Drone x5  
  43  5:19  Hatchery  
  43  5:20  Drone x3  
  50  5:27  Spire  
  49  5:30  Glial Reconstitution  
  49  5:54  Hatchery  
  49  5:57  Drone x3  
  49  6:00  Drone x2  
  49  6:03  Drone x3  
  57  6:20  Zerg Melee Weapons Level 1, Zerg Ground Armor Level 1  
  57  6:27  Zergling x2  
  57  6:28  Overlord x3  
  58  6:36  Overlord x2  
  58  6:39  Zerg Flyer Weapons Level 1  
  58  6:44  Infestation Pit  
  57  6:53  Extractor  
  57  6:54  Queen  
  56  6:55  Extractor  
  56  6:57  Mutalisk  
  56  6:58  Mutalisk x2  
  63  7:08  Drone x4  
  67  7:15  Drone x2  
  69  7:26  Mutalisk x3  
  75  7:32  Zergling x4  
  75  7:33  Zergling x10  
  82  7:46  Hive  
  82  8:12  Mutalisk x7  
  84  8:15  Zerg Missile Weapons Level 1  
  96  8:29  Hatchery  
  96  8:31  Hatchery, Mutalisk  
  96  8:32  Mutalisk x2  
  96  8:33  Hatchery  
  99  8:38  Drone x5  
  99  8:40  Overlord  
  104  8:58  Drone  
  104  8:59  Drone x5  
  110  9:06  Extractor  
  110  9:07  Extractor  
  110  9:09  Mutalisk x2  
  112  9:12  Overlord x6  
  112  9:13  Overlord x2  
  112  9:37  Mutalisk x8  
  112  9:38  Mutalisk  
  130  9:57  Corruptor  
  130  9:58  Corruptor x2  
  135  10:14  Zerg Flyer Weapons Level 2  
  119  10:17  Zerg Ground Armor Level 2  
  93  10:31  Corruptor x3  
  93  10:33  Hatchery  
  96  10:36  Hatchery  
  96  10:40  Corruptor x2  
  99  10:48  Drone x8  
  99  10:49  Drone x7  
  114  11:03  Spire  
  113  11:04  Zerg Missile Weapons Level 2  
  113  11:13  Hydralisk Den, Corruptor x3  
  98  11:36  Corruptor  
  98  11:37  Corruptor x4  
  94  11:50  Burrow  
  94  11:52  Pneumatized Carapace  
  94  12:30  Hatchery  
  93  12:39  Spine Crawler  
  93  12:41  Corruptor x8  
  93  12:42  Corruptor x4, Spore Crawler  
  115  12:45  Zergling x26, Spine Crawler  
  115  12:46  Zergling x4  
  115  12:49  Spine Crawler  
  128  12:54  Spore Crawler  
  127  13:05  Hatchery  
  127  13:07  Drone  
  127  13:08  Drone x17  
  144  13:16  Drone x3  
  144  13:17  Drone x4  
  151  13:27  Extractor  
  150  13:30  Extractor  
  149  13:37  Mutalisk x12  
  136  14:20  Zergling x2  
  136  14:21  Zergling x34  
  105  14:52  Drone  
  99  14:53  Drone x17  
  90  15:27  Mutalisk x12  
  112  15:31  Overseer  
  112  15:39  Mutalisk x10  
  132  15:45  Extractor  
  132  15:47  Extractor  
  130  16:01  Mutalisk x3  
  120  16:07  Zergling x16  
  120  16:08  Zergling x18  
  129  16:19  Spore Crawler x2  
  129  16:24  Lair  
  126  16:32  Spire  
  105  17:05  Mutalisk x6  
  115  17:23  Hive  
  115  17:29  Corruptor  
  114  17:30  Corruptor  
  114  17:31  Corruptor  
  110  18:08  Spawning Pool  
  105  18:21  Mutalisk x9  
  103  19:11  Zergling x16  
  103  19:12  Zergling x2  
  103  19:15  Queen  
  114  19:18  Queen  
  116  19:31  Corruptor x5  
  126  20:07  Overlord x10  
  81  20:43  Corruptor  
  81  20:44  Corruptor x14  
Tags
 
Add a new tag
Caveats
  • Supply blocks, unpowered buildings, or Contaminate may cause inaccurate times.
  • Supply counts are checked every 10 seconds.